 Dungeon Crawl Stone Soup version 0.24.0-28-g17ded55e90 (webtiles) character file.

Game seed: 12787937564872806876, levelgen mode: deterministic

670 Nattfarinn the Transmogrifier (level 7, -1/48 HPs)
             Began as a Merfolk Transmuter on Nov 13, 2019.
             Slain by Menkaure (9 damage)
             ... on level 4 of the Dungeon.
             The game lasted 00:11:49 (4908 turns).

Nattfarinn the Transmogrifier (Merfolk Transmuter)  Turns: 4908, Time: 00:11:49

Health: -1/48      AC:  2    Str: 10    XL:     7   Next: 58%
Magic:  10/10      EV: 13    Int: 14    God:
Gold:   238        SH:  0    Dex: 18    Spells: 5/10 levels left

rFire    . . .     SeeInvis .   s - +1 dagger (venom)
rCold    . . .     Gourm    .   (no shield)
rNeg     . . .     Faith    .   b - +0 robe
rPois    .         Spirit   .   (no helmet)
rElec    .         Reflect  .   (no cloak)
rCorr    .         Harm     .   (no gloves)
MR       .....                  (no boots)
Stlth    ++........             (no amulet)
HPRegen  0.16/turn              p - +3 ring of dexterity
MPRegen  0.12/turn              (no ring)

@: hasted, very quick
A: change form in water, swift swim, stealthy swim
a: no special abilities


You were on level 4 of the Dungeon.
You were not hungry.

You visited 1 branch of the dungeon, and saw 4 of its levels.

You collected 238 gold pieces.

Inventory:

Hand Weapons
 c - a +2 short sword of venom
 s - a +1 dagger of venom (weapon)
Missiles
 a - 41 arrows
 r - 2 atropa-tipped darts (quivered)
Armour
 b - a +0 robe (worn)
Jewellery
 p - a +3 ring of dexterity (left hand)
Scrolls
 i - 3 scrolls of teleportation {unknown}
 j - a scroll of magic mapping {unknown}
 k - a scroll of fear {unknown}
 l - a scroll of blinking {unknown}
 m - 6 scrolls of identify {unknown}
 t - a scroll of amnesia {unknown}
 u - 2 scrolls of random uselessness {unknown}
Potions
 g - 2 potions of flight
 h - a potion of brilliance {unknown}
 n - 4 potions of lignification {unknown}
 o - a potion of cancellation {unknown}
 v - 3 potions of degeneration {unknown}
Comestibles
 d - 8 rations
 q - a chunk of flesh


   Skills:
 - Level 1.1 Fighting
 - Level 2.6 Dodging
 - Level 3.2 Unarmed Combat
 - Level 2.0 Spellcasting
 - Level 10.7 Transmutations
 * Level 0.1 Ice Magic


You had 5 spell levels left.
You knew the following spells:

 Your Spells              Type           Power        Failure   Level  Hunger
a - Beastly Appendage     Tmut           ####..       1%          1    ##.....
b - Ice Form              Ice/Tmut       ###.....     26%         4    #####..

Your spell library contained the following spells:

 Spells                   Type           Power        Failure   Level  Hunger
 Sticks to Snakes         Tmut           ####....     1%          2    ###....
 Spider Form              Tmut/Pois      ###.......   8%          3    ####...
 Blade Hands              Tmut           ####......   9%          5    ######.
 Confusing Touch          Hex            #.....       24%         1    ##.....
 Petrify                  Tmut/Erth      ###.....     26%         4    #####..
 Confuse                  Hex            #.......     56%         3    ####...
 Gell's Gravitas          Tloc           #.........   56%         3    ####...
 Yara's Violent Unravell  Hex/Tmut       ###.......   58%         5    ######.
 Metabolic Englaciation   Hex/Ice        #.........   100%        5    ######.


Dungeon Overview and Level Annotations

Branches:
Dungeon (4/15)
 Temple: D:4-7

Altars:
Yredelemnul

Annotations:
D:4 Menkaure


Message History

* * * LOW HITPOINT WARNING * * *
You hit Menkaure. Your punch misses Menkaure.
Menkaure is lightly damaged.
Menkaure barely misses you.
You hit Menkaure.
Menkaure is moderately damaged.
You hit Menkaure.
Menkaure is heavily damaged.
Menkaure points at you and mumbles some strange words.
You struggle to resist.
You hit Menkaure but do no damage.
Menkaure is heavily damaged.
Menkaure completely misses you.
You hit Menkaure but do no damage. Your punch misses Menkaure.
Menkaure is moderately damaged.
Menkaure barely misses you.
You hit Menkaure.
Menkaure is heavily damaged.
Menkaure hits you!
You die...

#.# #.#..## #####.#
#.#..## #.....#
#...... #.###.#
###.[## #.###.###
#..# #.#...<.# #>.#
###.#.....###..#
#(####...........#..#
#(.(M@.........#.#.[#
######.........#.#..#
#.##.......#.[.#
#.#.....#.#.####
#.#...^.#.#.# ###
#.#.....#.#.# #..
#.##....#.#.# #.#
#.####....#.# #.#
############
#.###.#.#.#.# #.#


You could see Menkaure.

Vanquished Creatures
  2 ogres (D:4)
  Blork the orc (D:4)
  A scorpion (D:4)
  A jelly (D:3)
  2 hounds (D:4)
  3 orc wizards
  3 worker ants (D:4)
  4 adders
  An ooze (D:3)
  4 worms
  5 dart slugs
  4 leopard geckos
  14 orcs
  5 bats
  2 giant cockroaches
  3 goblins
  9 hobgoblins
  9 kobolds
  3 ball pythons
  2 frilled lizards
  A leopard gecko skeleton (D:4)
  A quokka skeleton (D:4)
  9 rats
  A toadstool (D:1)
90 creatures vanquished.

Vanquished Creatures (others)
  A bush (D:2)
  3 toadstools (D:1)
4 creatures vanquished.

Grand Total: 94 creatures vanquished

Notes
Turn   | Place    | Note
-------+----------+-------------------------------------------
     0 | D:1      | Nattfarinn the Merfolk Transmuter began the quest for the
                  | Orb.
     0 | D:1      | Reached XP level 1. HP: 15/15 MP: 3/3
    13 | D:1      | Reached skill level 3 in Transmutations
    31 | D:1      | Reached XP level 2. HP: 18/21 MP: 3/5
   158 | D:1      | Reached skill level 4 in Transmutations
   522 | D:1      | Reached XP level 3. HP: 21/26 MP: 6/6
   714 | D:2      | Reached skill level 5 in Transmutations
  1311 | D:2      | Reached XP level 4. HP: 23/32 MP: 7/7
  2106 | D:2      | Reached skill level 6 in Transmutations
  2423 | D:3      | Reached XP level 5. HP: 35/37 MP: 8/8
  2908 | D:3      | Reached skill level 7 in Transmutations
  3193 | D:3      | Found a faded altar of an unknown god.
  3581 | D:4      | Reached skill level 8 in Transmutations
  3581 | D:4      | Reached XP level 6. HP: 41/43 MP: 9/9
  3733 | D:4      | Noticed Blork the orc
  3753 | D:4      | Killed Blork the orc
  3753 | D:4      | Reached skill level 9 in Transmutations
  3975 | D:4      | Reached XP level 7. HP: 25/48 MP: 10/10
  4290 | D:4      | Reached skill level 10 in Transmutations
  4688 | D:4      | Learned a level 4 spell: Ice Form
  4800 | D:4      | Found a basalt altar of Yredelemnul.
  4892 | D:4      | Noticed Menkaure
  4908 | D:4      | Slain by Menkaure

Levels and vault maps discovered:
D:1:      wander_arrival_desolate, layout_loops_ring, minmay_gold_behind_fungi
D:2:      layout_loops_ring, first_ration, lexackson_kobold_supper
D:3:      layout_basic, chequers_ecumenical_altar_simple
D:4:      layout_loops_ring, marbit_many_paths, uniq_blork_the_orc,
          uniq_menkaure

Skill      XL: |  1  2  3  4  5  6  7 |
---------------+----------------------+-----
Transmutations | 3 4 5 6 8 9 10 | 10.7
Fighting       | |  1.1
Dodging        | |  2.6
Unarmed Combat | |  3.2
Spellcasting   | |  2.0
Ice Magic      | |  0.1

Action                   |  1- 3 |  4- 6 |  7- 9 || total
-------------------------+-------+-------+-------++-------
Melee: Unarmed           |    14 |       |       ||    14
       Punch             |     3 |     3 |       ||     6
       Headbutt          |     1 |       |       ||     1
       Short sword       |    79 |    80 |       ||   159
       Dagger            |       |   104 |    49 ||   153
Throw: Dart              |       |       |     7 ||     7
 Cast: Beastly Appendage |     2 |       |       ||     2
  Use: Potion            |     3 |     2 |     2 ||     7
 Stab: Sleeping          |     1 |     2 |       ||     3
  Eat: Chunk             |     1 |     5 |     3 ||     9
       Ration            |       |     1 |       ||     1
Armor: Robe              |    18 |    17 |     3 ||    38
Dodge: Dodged            |    68 |    87 |    36 ||   191
